 Dungeon Crawl Stone Soup version 0.18.1-6-gd335043 (webtiles) character file.

156 manyhoops the Skirmisher (level 5, -6/43 HPs)
             Began as a Demonspawn Fighter on May 18, 2016.
             Mangled by Sigmund
             ... wielding a +0 scythe
              (8 damage)
             ... on level 3 of the Dungeon.
             The game lasted 00:03:47 (1679 turns).

manyhoops the Skirmisher (Demonspawn Fighter)       Turns: 1679, Time: 00:03:47

Health: -6/43      AC:  6    Str: 17    XL:     5   Next: 15%
Magic:  5/5        EV: 10    Int:  9    God:
Gold:   45         SH:  0    Dex: 13    Spells: 0 memorised, 4 levels left

rFire  . . .     SeeInvis .     a - +0 war axe
rCold  . . .     Gourm    .     j - -1 ring mail (curse)
rNeg   . . .     Faith    .     (no shield)
rPois  .         Spirit   .     (no helmet)
rElec  .         Dismiss  .     (no cloak)
rCorr  .         Reflect  .     (no gloves)
SustAt .         Harm     .     (no boots)
MR     .....                    (no amulet)
Stlth  +.........               (no ring)
                                (no ring)

@: exhausted, very slightly contaminated, hasted, invisible, very quick, not
resistant to hostile enchantments, very unstealthy
A: claws 1, yellow scales 1, spiny 1
a: no special abilities


You were on level 3 of the Dungeon.
You were very hungry.

You visited 1 branch of the dungeon, and saw 3 of its levels.

You collected 45 gold pieces.

Inventory:

Hand Weapons
 a - a +0 war axe (weapon)
Armour
 b - a +1 scale mail
 j - a cursed -1 ring mail (worn)
Scrolls
 h - 2 scrolls of recharging
 k - 2 scrolls of immolation
Potions
 e - a potion of agility {unknown}
 i - a potion of degeneration {unknown}
 o - a potion of brilliance {unknown}
Comestibles
 f - 2 bread rations
 g - 2 meat rations


   Skills:
 + Level 4.3 Fighting
 + Level 2.4 Axes
 + Level 4.1 Armour
   Level 2.6 Shields


You had 4 spell levels left.
You didn't know any spells.

Dungeon Overview and Level Annotations

Branches:
Dungeon (3/15)

Altars:

Annotations:
D:3 Crazy Yiuf; Sigmund; tyrsky's ghost, amateur HEFE


Innate Abilities, Weirdness & Mutations

You have sharp fingernails.
You are partially covered in yellow scales (AC +2).
You are partially covered in sharp spines.


Message History

You are exhausted.
You feel yourself slow down.
You are feeling very hungry.
You hear some strange, mumbled words.
A puff of flame appears from out of thin air!
The puff of flame hits you!
It was a potion of cancellation.
Your magical effects are unravelling.
You feel magically purged.
You feel yourself speed up.
You feel less confused. Something hits you.
You barely miss something. Something hits you!
* * * LOW HITPOINT WARNING * * *
You miss something. Something hits you!
* * * LOW HITPOINT WARNING * * *
It was a potion of invisibility.
You fade into invisibility!
You are very lightly contaminated with residual magic.
It was a potion of haste.
You feel yourself speed up. Something hits you!
You die...

##..#####.# #.. ## #........#
#.# #####. ##.####### #.#
..##. #@# #.# #.##. #.# #.# #
##.##) #.# #.# #. .# #.....
#.#########.# #...###..##.
#...........#######...........
###########.{@.......####..###
###.................
###.##########.###
#.##########.# #............#
##############


There were no monsters in sight!

Vanquished Creatures
  Jessica (D:3)
  3 gnolls (D:3)
  3 adders
  A worm (D:3)
  2 dart slugs
  2 giant geckos
  9 bats
  2 giant cockroaches
  10 goblins
  8 hobgoblins
  4 jackals (D:2)
  7 kobolds
  3 quokkas
  A ball python (D:1)
  2 giant newts
  7 rats
65 creatures vanquished.

Notes
Turn   | Place    | Note
--------------------------------------------------------------
     0 | D:1      | manyhoops the Demonspawn Fighter began the quest for the Orb.
     0 | D:1      | Reached XP level 1. HP: 18/18 MP: 1/1
    81 | D:1      | Gained mutation: You are partially covered in yellow scales (AC +2). [demonic ancestry]
    81 | D:1      | Reached XP level 2. HP: 24/24 MP: 2/2
   497 | D:1      | Gained mutation: You are partially covered in sharp spines. [demonic ancestry]
   497 | D:1      | Reached XP level 3. HP: 23/29 MP: 3/3
  1093 | D:2      | Reached XP level 4. HP: 35/37 MP: 4/4
  1168 | D:3      | Noticed Crazy Yiuf
  1259 | D:3      | Noticed tyrsky's ghost (amateur HEFE)
  1328 | D:3      | Noticed Jessica
  1333 | D:3      | Killed Jessica
  1335 | D:3      | Gained mutation: You have sharp fingernails. [demonic ancestry]
  1335 | D:3      | Reached XP level 5. HP: 23/42 MP: 5/5
  1638 | D:3      | Noticed Sigmund
  1677 | D:3      | HP: 2/43 [something (10)]
  1679 | D:3      | Mangled by Sigmund

Skill      XL: |  1  2  3  4 |
---------------+-------------+-----
Armour         | 3 4 |  4.1
Axes           | 2 |  2.4
Fighting       | 4 |  4.3
Shields        | |  2.6

Action                   |  1- 3 |  4- 6 || total
-------------------------+-------+-------++-------
Melee: War axe           |    92 |    23 ||   115
  Use: Scroll            |     5 |     2 ||     7
       Potion            |       |     6 ||     6
  Eat: Chunk             |     1 |     1 ||     2
Armor: Scale mail        |    27 |       ||    27
       Ring mail         |    29 |     5 ||    34
Dodge: Dodged            |    51 |     8 ||    59
